 Dungeon Crawl Stone Soup version 0.28.0-45-g0d030f2227 (webtiles) character file.

Game seed: 1841582415052881922

217 nickcage the Firebug (level 5, -3/28 HPs)
             Began as a Deep Elf Fire Elementalist on Apr 14, 2022.
             Was an Initiate of Sif Muna.
             Slain by a killer bee (6 damage)
             ... on level 4 of the Dungeon.
             The game lasted 00:10:40 (4407 turns).

nickcage the Firebug (Deep Elf Fire Elementalist)   Turns: 4407, Time: 00:10:41

Health: -3/28      AC:  3    Str:  5    XL:     5   Next: 61%
Magic:  3/14       EV: 13    Int: 22    God:    Sif Muna [......]
Gold:   210        SH:  0    Dex: 21    Spells: 4/14 levels left

rFire   . . .      SeeInvis .   b - +1 dagger (freeze)
rCold   . . .      Faith    .   (no shield)
rNeg    . . .      Spirit   .   a - +0 robe
rPois   .          Reflect  .   (no helmet)
rElec   .          Harm     .   c - +0 cloak
rCorr   .          Rampage  .   (no gloves)
Will    .....                   (no boots)
Stlth   ++........              (no amulet)
HPRegen 0.09/turn               g - +6 ring of dexterity
MPRegen 0.14/turn               (no ring)

@: lethally poisoned (-3 -> -6)
A: no striking features
a: Renounce Religion


You were on level 4 of the Dungeon.
You worshipped Sif Muna.
Sif Muna was noncommittal.
You visited 2 branches of the dungeon, and saw 6 of its levels.

You collected 210 gold pieces.

Inventory:

Hand Weapons
 b - a +1 dagger of freezing (weapon)
Armour
 a - a +0 robe (worn)
 c - a +0 cloak (worn)
 t - the +1 leather armour "Quviffurhu" {rN+ rCorr}
   (You found it on level 4 of the Dungeon)

   rN:        It protects you from negative energy.
   rCorr:     It protects you from acid and corrosion.
Magical Staves
 v - a staff of conjuration
Jewellery
 g - a +6 ring of dexterity (left hand)
Scrolls
 d - 2 scrolls of noise {unknown}
 i - 2 scrolls of teleportation {unknown}
 j - 2 scrolls of fear {unknown}
 k - 8 scrolls of identify {unknown}
 l - 5 scrolls of fog {unknown}
 o - a scroll of enchant armour {unknown}
 s - 2 scrolls of amnesia {unknown}
 u - a scroll of vulnerability {unknown}
Potions
 e - 2 potions of magic {unknown}
 f - 3 potions of curing {unknown}
 h - a potion of lignification {unknown}
 m - a potion of mutation {unknown}
 n - a potion of invisibility {unknown}
 p - 3 potions of heal wounds {unknown}
 q - a potion of attraction {unknown}
 r - a potion of degeneration {unknown}


   Skills:
 - Level 2.4 Dodging
 - Level 2.4 Stealth
 - Level 5.4 Spellcasting
 + Level 1.2 Conjurations
 + Level 5.8 Fire Magic


You had 4 spell levels left.
You knew the following spells:

 Your Spells              Type           Power      Damage    Failure   Level
a - Foxfire               Conj/Fire      84%        2x1d8     2%          1
b - Scorch                Fire           62%        2d8       1%          2
c - Conjure Flame         Conj/Fire      21%        6-21      7%          3
d - Flame Wave            Conj/Fire      21%        2d7       22%         4

Your spell library contained the following spells:

 Spells                   Type           Power      Damage    Failure   Level
 Inner Flame              Hex/Fire       18%        N/A       9%          3


Dungeon Overview and Level Annotations

Branches:
Dungeon (5/15)             Temple (1/1) D:4

Altars:
Ashenzari
Cheibriados
Dithmenos
Elyvilon
Fedhas
Kikubaaqudgha
Makhleb
Nemelex Xobeh
Ru
Sif Muna
Trog
Uskayaw
Wu Jian
Xom
Zin
The Shining One

Annotations:
D:5 Sigmund


Message History

You hear an angry buzzing noise.
Flames lash the bullfrog skeleton.
The bullfrog skeleton is burned terribly!
The bullfrog skeleton is heavily damaged.
The adder hisses angrily.
You hear a shout!
A killer bee comes into view.
Flames lash the killer bee.
The killer bee is lightly wounded.
The killer bee's fire resistance burns away.
The killer bee barely misses you.
Flames lash the adder.
You kill the adder!
Sif Muna accepts your kill. The killer bee barely misses you. x2
Sigmund the Dreaded comes into view.
He is wielding a +0 scythe.
The killer bee stings you! The killer bee stings you!
You are poisoned.
The killer bee poisons you!
There is a stone staircase leading up here.
You feel sick. The killer bee barely misses you.
You climb upwards.
You feel very sick.
There is a stone staircase leading down here.
A killer bee is nearby!
You are too injured to fight recklessly!
Casting: Scorch (safe; 1% risk of failure)
Press: ? - help, Q - select action, (/) - cycle Dir - look around, f - activate Flames lash the killer bee.
The killer bee is moderately wounded.
The killer bee's fire resistance burns away.
You feel sick. The killer bee misses you. The killer bee stings you.
* * * LOW HITPOINT WARNING * * *
Casting: Scorch (safe; 1% risk of failure)
Press: ? - help, Q - select action, (/) - cycle Dir - look around, f - activate Flames lash the killer bee.
The killer bee is burned terribly!
The killer bee is almost dead.
* * * LOW HITPOINT WARNING * * *
You feel sick. The killer bee closely misses you. The killer bee stings you.
You die...

#.#####.# #.######
#.#####.# #.#
#.......# #.#
############# #.#
##...######## #.#
##.###.#.....####.###
#.#####......#......#
#.##.....y.......)#.##
#.##.##.@............#
##.#†#.#.............#
##...#######..#..<..#
##.## #........####
#.# #.###........ #.#
#.# #.##.#### #.#
#.###.##.# # #.#####
#.##...#.# # #....)#
#........# #


You could see a killer bee (combustible).

Vanquished Creatures
  A jelly (D:4)
  A bullfrog skeleton (D:4)
  6 adders
  3 dart slugs
  3 worms (D:2)
  An orc (D:4)
  5 endoplasms
  3 giant cockroaches (D:2)
  10 goblins
  7 hobgoblins
  8 quokkas
  8 ball pythons
  4 bats
  4 kobolds
  8 rats
72 creatures vanquished.

Vanquished Creatures (others)
  15 foxfires (D:1)
15 creatures vanquished.

Grand Total: 87 creatures vanquished

Notes
Turn   | Place    | Note
-------+----------+-------------------------------------------
     0 | D:1      | nickcage the Deep Elf Fire Elementalist began the quest for
                  | the Orb.
     0 | D:1      | Reached XP level 1. HP: 10/10 MP: 6/6
   150 | D:1      | Reached XP level 2. HP: 15/15 MP: 6/8
   153 | D:1      | Learned a level 2 spell: Scorch
   937 | D:2      | Reached XP level 3. HP: 19/19 MP: 5/10
  1509 | D:2      | Reached XP level 4. HP: 24/24 MP: 4/12
  2004 | D:2      | Learned a level 3 spell: Conjure Flame
  2009 | D:2      | Learned a level 4 spell: Flame Wave
  2182 | D:3      | Reached skill level 5 in Spellcasting
  3070 | D:4      | Identified the +1 leather armour "Quviffurhu" {rN+ rCorr}
  3614 | D:4      | Reached skill level 5 in Fire Magic
  3614 | D:4      | Reached XP level 5. HP: 27/28 MP: 5/14
  3760 | D:4      | Found a staircase to the Ecumenical Temple.
  3769 | Temple   | Entered the Ecumenical Temple
  3965 | Temple   | Became a worshipper of Sif Muna the Loreminder
  4378 | D:5      | Entered Level 5 of the Dungeon
  4401 | D:5      | Noticed Sigmund
  4407 | D:4      | Slain by a killer bee

Illustrated notes

Levels and vault maps discovered:
D:1:      enne_arrival_octagon_isle, layout_basic, kennysheep_crisscross
D:2:      minmay_inner_zag, layout_basic
D:3:      layout_loops_corners, serial_park_tiny_pond
D:4:      layout_loops_corners, minmay_temple_entry_poolview,
          minmay_misc_feat_columns
D:5:      layout_layer_cave, serial_glass, glass_columns_a, glass_columns_a,
          minmay_misc_feat_plants, hangedman_decor_peaks_small, uniq_sigmund
Temple:   eino_temple_scatter_basement

Skill      XL: |  1  2  3  4 |
---------------+-------------+-----
Fire Magic     | 4 5 |  5.8
Spellcasting   | 4 5 |  5.4
Dodging        | |  2.4
Stealth        | |  2.4
Conjurations   | |  1.2

Action                   |  1- 3 |  4- 6 || total
-------------------------+-------+-------++-------
Melee: Dagger            |     3 |       ||     3
 Cast: Foxfire           |     8 |       ||     8
       Scorch            |    39 |    52 ||    91
Armor: Robe              |     1 |       ||     1
Dodge: Dodged            |     1 |    10 ||    11
